 Dungeon Crawl Stone Soup version 0.32-a0-898-g7811c86cf0 (webtiles) character file.

Game seed: 3936636772127300498

189 zazu2006 the Apothecary (level 5, -1/38 HPs)
             Began as a Gnoll Wanderer on Apr 4, 2024.
             Was an Initiate of Vehumet.
             Slain by a water moccasin (4 damage)
             ... on level 6 of the Dungeon.
             The game lasted 00:05:17 (2182 turns).

zazu2006 the Apothecary (Gnoll Wanderer)            Turns: 2182, Time: 00:05:19

Health: -1/38      AC:  3    Str: 12    XL:     5   Next: 68%
Magic:  6/9        EV: 10    Int: 15    God:    Vehumet [......]
Gold:   142        SH:  0    Dex:  9    Spells: 9/10 levels left

rFire   . . .        s - +0 falchion
rCold   . . .        (no shield)
rNeg    . . .        c - +0 robe
rPois   +            (no helmet)
rElec   .            (no cloak)
rCorr   .            (no gloves)
SInv    .            d - +0 pair of boots
Will    .....        (no amulet)
Stlth   ++           f - ring of poison resistance
HPRegen 0.26/turn    (no ring)
MPRegen 0.11/turn

%: no passive effects
@: lethally poisoned (-1 -> -8)
A: fangs 1, strong nose, distributed training
a: Renounce Religion


You were on level 6 of the Dungeon.
You worshipped Vehumet.
Vehumet was noncommittal.
You visited 2 branches of the dungeon, and saw 7 of its levels.

You collected 142 gold pieces.

Inventory:

Hand Weapons
 a - a +0 club
 s - a +0 falchion (weapon)
Missiles
 g - 7 poisoned darts
 p - 3 curare-tipped darts
Armour
 c - a +0 robe (worn)
 d - a +0 pair of boots (worn)
Jewellery
 f - a ring of poison resistance (left hand)
Talismans
 m - a granite talisman
Scrolls
 h - a scroll of acquirement {unknown}
 i - a scroll of enchant armour {unknown}
 n - a scroll of enchant weapon
 q - a scroll of poison
 r - a scroll of teleportation {unknown}
Potions
 b - 3 potions of haste
 e - a potion of heal wounds
 j - a potion of might
 o - a potion of enlightenment {unknown}


   Skills:
 + Level 1.6 Fighting
 + Level 1.6 Short Blades
 + Level 1.6 Long Blades
 + Level 1.6 Axes
 + Level 1.6 Maces & Flails
 + Level 1.6 Polearms
 + Level 1.6 Staves
 + Level 1.6 Ranged Weapons
 + Level 1.6 Throwing
 + Level 1.6 Armour
 + Level 1.6 Dodging
 + Level 4.5 Stealth
 + Level 1.6 Shields
 + Level 1.6 Unarmed Combat
 + Level 3.2 Spellcasting
 + Level 1.3 Conjurations
 + Level 1.3 Hexes
 + Level 1.3 Summonings
 + Level 1.3 Necromancy
 + Level 5.6 Translocations
 + Level 1.3 Fire Magic
 + Level 1.3 Ice Magic
 + Level 1.3 Air Magic
 + Level 1.3 Earth Magic
 + Level 7.2 Alchemy
 + Level 1.9 Invocations
 + Level 1.6 Evocations
 + Level 1.5 Shapeshifting


You had 9 spell levels left.
You knew the following spells:

 Your Spells              Type           Power      Damage    Failure   Level
a - Sting                 Conj/Alch      60%        1d6       3%          1

Your spell library contained the following spells:

 Spells                   Type           Power      Damage    Failure   Level
 Apportation              Tloc           38%        N/A       1%          1
 Lesser Beckoning         Tloc           38%        N/A       3%          2
 Mercury Vapours          Alch/Air       30%        N/A       4%          2
 Momentum Strike          Conj/Tloc      24%        3d8       7%          2
 Olgreb's Toxic Radiance  Alch           24%        N/A       10%         4
 Necrotise                Necr           24%        1d5       12%         1
 Summon Small Mammal      Summ           24%        N/A       12%         1
 Fulminant Prism          Conj/Alch      7%         3d7       32%         4
 Leda's Liquefaction      Alch/Erth      7%         N/A       32%         4
 Tukima's Dance           Hex            6%         N/A       34%         3
 Dimensional Bullseye     Hex/Tloc       6%         N/A       43%         4
 Iskenderun's Mystic Bla Conj/Tloc 12%            2d5        (+2d2     43%         4


Dungeon Overview and Level Annotations

Branches:
Dungeon (6/15)             Temple (1/1) D:4

Altars:
Dithmenos
Elyvilon
Fedhas
Gozag
Hepliaklqana
Kikubaaqudgha
Makhleb
Okawaru
Qazlal
Ru
Sif Muna
Uskayaw
Vehumet
Xom
Yredelemnul
Zin
The Shining One


Innate Abilities, Weirdness & Mutations

You have very sharp teeth.
Your uncanny sense of smell can sniff out nearby items.
Your experience applies equally to all skills.


Message History

Unknown command.
Casting: Sting (safe; 3% risk of failure)
Confirm with . or Enter, or press ? or * to list all spells.
Aiming: Sting (safe; 3% risk of failure)
Press: ? - help, Shift-Dir - straight line, f/p - water moccasin
Aim: a water moccasin (lightly wounded, very poisoned, 57% to hit)
The sting hits the water moccasin.
The water moccasin partially resists.
The water moccasin looks even sicker.
The water moccasin is lightly wounded.
The water moccasin bites you! The water moccasin bites you.
You feel very mighty all of a sudden. The water moccasin bites you.
Unknown command.
You slash the water moccasin!
The water moccasin is heavily wounded.
The water moccasin bites you. The water moccasin barely misses you.
You slash the water moccasin!
The water moccasin is severely wounded.
The water moccasin bites you but does no damage.
You barely miss the water moccasin.
The water moccasin is severely wounded.
The water moccasin bites you.
You are poisoned.
The water moccasin poisons you!
The water moccasin bites you but does no damage.
You closely miss the water moccasin.
The water moccasin is severely wounded.
You feel very sick. The water moccasin bites you.
* * * LOW HITPOINT WARNING * * *
The water moccasin bites you.
* * * LOW HITPOINT WARNING * * *
It was a potion of cancellation.
Your magical effects are unravelling.
You feel magically purged.
You feel a little less mighty now.
* * * LOW HITPOINT WARNING * * *
You feel very sick. The water moccasin bites you.
You die...

#.# #.# ### #.# ...
#.# ###.##.#
......# ##.#..#
###.....###########
...........@Sh.....
..#.....###########
##.###.### #. #...#
##.###.#.#######
................
#####.....#####
#.......#
##.#.....#


You could see a water moccasin (very poisoned) and a black bear.

Vanquished Creatures
  A jelly (D:6)
  A hound (D:6)
  An iguana (D:6)
  4 gnolls (D:5)
  3 adders
  An orc (D:3)
  3 endoplasms
  A giant cockroach (D:4)
  3 goblins
  4 hobgoblins
  A quokka (D:1)
  4 ball pythons
  3 bats
  2 frilled lizards (D:1)
  6 kobolds
  5 rats (D:1)
43 creatures vanquished.

Notes
Turn   | Place    | Note
-------+----------+-------------------------------------------
     0 | D:1      | zazu2006 the Gnoll Wanderer began the quest for the Orb.
     0 | D:1      | zazu2006 set off with the following items: a +0 club, a
                  | potion of haste, a +0 robe, a +0 pair of boots; and the
                  | following spell memorised: Sting; and the following spells
                  | available to memorise: Lesser Beckoning, Momentum Strike,
                  | Fulminant Prism, Leda's Liquefaction.
     0 | D:1      | Reached XP level 1. HP: 13/13 MP: 4/4
   277 | D:1      | Reached XP level 2. HP: 19/19 MP: 1/5
  1026 | D:2      | Reached XP level 3. HP: 20/25 MP: 4/7
  1223 | D:3      | Reached skill level 1 in Invocations
  1313 | D:4      | Reached skill level 1 in Fighting
  1313 | D:4      | Reached skill level 1 in Short Blades
  1313 | D:4      | Reached skill level 1 in Long Blades
  1313 | D:4      | Reached skill level 1 in Axes
  1313 | D:4      | Reached skill level 1 in Maces & Flails
  1313 | D:4      | Reached skill level 1 in Polearms
  1313 | D:4      | Reached skill level 1 in Staves
  1313 | D:4      | Reached skill level 1 in Ranged Weapons
  1313 | D:4      | Reached skill level 1 in Throwing
  1313 | D:4      | Reached skill level 1 in Armour
  1313 | D:4      | Reached skill level 1 in Dodging
  1313 | D:4      | Reached skill level 1 in Shields
  1313 | D:4      | Reached skill level 1 in Unarmed Combat
  1313 | D:4      | Reached skill level 1 in Evocations
  1391 | D:4      | Found a staircase to the Ecumenical Temple.
  1403 | Temple   | Entered the Ecumenical Temple
  1416 | Temple   | Became a worshipper of Vehumet
  1665 | D:5      | Entered Level 5 of the Dungeon
  1670 | D:5      | Reached skill level 1 in Shapeshifting
  1670 | D:5      | Reached XP level 4. HP: 32/32 MP: 3/8
  1763 | D:5      | Reached skill level 1 in Conjurations
  1763 | D:5      | Reached skill level 1 in Hexes
  1763 | D:5      | Reached skill level 1 in Summonings
  1763 | D:5      | Reached skill level 1 in Necromancy
  1763 | D:5      | Reached skill level 1 in Fire Magic
  1763 | D:5      | Reached skill level 1 in Ice Magic
  1763 | D:5      | Reached skill level 1 in Air Magic
  1763 | D:5      | Reached skill level 1 in Earth Magic
  1852 | D:6      | Reached XP level 5. HP: 4/37 MP: 0/9
  2023 | D:6      | Identified the +1 dagger of Uliucost {freeze, rElec}
  2160 | D:6      | Noticed a water moccasin
  2171 | D:6      | Noticed a black bear
  2182 | D:6      | Slain by a water moccasin

Illustrated notes

Levels and vault maps discovered:
D:1:      lightli_arrival_lavapool, layout_loops_cross,
          chequers_serial_rivers_large_a
D:2:      layout_rooms, shapermc_ecumenical_altar_hornbeckon,
          serial_bayou_lake_a
D:3:      layout_basic, mainiacjoe_overflow_surrounded_room,
          gammafunk_ghost_smash, hex_large, minivault_24, hex_tiny,
          chequers_arboretum, uniq_sigmund
D:4:      layout_rooms, cheibriados_altar_1, temple_hall,
          gammafunk_ghost_necromancy, serial_shops,
          nicolae_shop_back_alley_shop, uniq_menkaure
D:5:      layout_basic, nrook_campfire
D:6:      layout_loops_ring
Temple:   minmay_crystal_spiral_temple

Skill      XL: |  1  2  3  4 |
---------------+-------------+-----
Invocations    | 1 |  1.9
Fighting       | 1 |  1.6
Short Blades   | 1 |  1.6
Long Blades    | 1 |  1.6
Axes           | 1 |  1.6
Maces & Flails | 1 |  1.6
Polearms       | 1 |  1.6
Staves         | 1 |  1.6
Ranged Weapons | 1 |  1.6
Throwing       | 1 |  1.6
Armour         | 1 |  1.6
Dodging        | 1 |  1.6
Shields        | 1 |  1.6
Unarmed Combat | 1 |  1.6
Evocations     | 1 |  1.6
Spellcasting   | 3 |  3.2
Shapeshifting  | 1 |  1.5
Conjurations   | 1 |  1.3
Hexes          | 1 |  1.3
Summonings     | 1 |  1.3
Necromancy     | 1 |  1.3
Fire Magic     | 1 |  1.3
Ice Magic      | 1 |  1.3
Air Magic      | 1 |  1.3
Earth Magic    | 1 |  1.3
Stealth        | |  4.5
Translocations | |  5.6
Alchemy        | |  7.2

Action                     |  1- 3 |  4- 6 || total
---------------------------+-------+-------++-------
  Melee: Club              |    13 |     9 ||    22
         Bite              |     2 |       ||     2
         Falchion          |       |     5 ||     5
  Throw: Dart              |       |     2 ||     2
   Cast: Sting             |    55 |    32 ||    87
    Use: Scroll            |       |     4 ||     4
         Potion            |       |     2 ||     2
 Armour: Robe              |    15 |    28 ||    43
  Dodge: Dodged            |    10 |    14 ||    24

Table legend: (Time is in decaauts)
 A = Elapsed time spent in this place.
 B = Non-inter-level travel time spent in this place.
 C = Inter-level travel time spent in this place.
 D = Time resting spent in this place.
 E = Time spent auto-exploring this place.
 F = Levels seen in this place.
 G = Mean time per level.
                   A        B        C        D        E       F      G
               +--------+--------+--------+--------+--------+-----+--------+
         Total |   2206 |   2055 |    151 |      7 |   1659 |   7 |  315.1 |
       Dungeon |   2179 |   2041 |    138 |      7 |   1659 |   6 |  363.2 |
        Temple |     26 |     13 |     13 |      0 |      0 |   1 |   26.0 |
               +--------+--------+--------+--------+--------+-----+--------+

Top non-repeatable levels by time:
     D:1: 985 daAuts
     D:6: 342 daAuts
     D:3: 261 daAuts
     D:2: 218 daAuts
     D:4: 195 daAuts
     D:5: 176 daAuts
  Temple: 26 daAuts
